TOP OF THE 1ST |
Boston Rebels batting - Pitching for San Francisco Bandits : RHP Kunihiko Daikawa
|
Pitching: RHP Kunihiko Daikawa
|
|
Batting: LHB Bill Wilson
|
0-0: Ball 1-0: DOUBLE (Flyball, 8RXD)
|
Batting: LHB Stanley Mullins
|
0-0: Ball 1-0: Foul Ball, location: 2F 1-1: Called Strike 1-2: Foul Ball, location: 2F 1-2: Ball 2-2: Ball 3-2: DOUBLE (Flyball, 7LD) Bill Wilson scores
|
Batting: LHB Ricardo Brandariz
|
0-0: Swinging Strike 0-1: Called Strike 0-2: Foul Ball, location: 2F 0-2: Ball 1-2: Foul Ball, location: 2F 1-2: Foul Ball, location: 2F 1-2: Foul Ball, location: 2F 1-2: Ball 2-2: Foul Ball, location: 2F 2-2: Ground out 6-3 (Groundball, 6) Stanley Mullins to third
|
Batting: LHB Lorenzo Flores
|
0-0: Ball 1-0: Ball 2-0: Ball 3-0: Base on Balls
|
Batting: SHB Javier Villegas
|
0-0: Fielders Choice at 2nd, 4-6 (Groundball, 34) Stanley Mullins scores
|
Batting: RHB Clancy Booker
|
0-0: Ball 1-0: Swinging Strike 1-1: Foul Ball, location: 2F 1-2: Strikes out swinging
|
Top of the 1st over - 2 run(s), 2 hit(s), 0 error(s), 1 left on base; Boston 2 - San Francisco 0 |
BOTTOM OF THE 1ST |
San Francisco Bandits batting - Pitching for Boston Rebels : LHP José Hidalgo
|
Pitching: LHP José Hidalgo
|
|
Batting: RHB Pete Rideout
|
0-0: Swinging Strike 0-1: Ground out 5-3 (Groundball, 5)
|
Batting: LHB Jerry Bryan
|
0-0: Called Strike 0-1: Swinging Strike 0-2: Foul Ball, location: 2F 0-2: Foul Ball, location: 2F 0-2: Ball 1-2: Strikes out swinging
|
Batting: RHB Jorge Morales
|
0-0: Foul Ball, location: 2F 0-1: Foul Ball, location: 2F 0-2: Ball 1-2: Foul Ball, location: 2F 1-2: Ball 2-2: Ground out 4-3 (Groundball, 4)
|
Bottom of the 1st over - 0 run(s), 0 hit(s), 0 error(s), 0 left on base; Boston 2 - San Francisco 0 |
TOP OF THE 2ND |
Boston Rebels batting - Pitching for San Francisco Bandits : RHP Kunihiko Daikawa
|
Batting: RHB Ronnie Brown
|
0-0: Ball 1-0: Ball 2-0: Called Strike 2-1: Ball 3-1: Foul Ball, location: 2F 3-2: Ground out 6-3 (Groundball, 6)
|
Batting: LHB Tony Ramírez
|
0-0: Called Strike 0-1: Called Strike 0-2: Ball 1-2: Fly out, F7 (Flyball, 7LM)
|
Batting: RHB Rubén Matos
|
0-0: Called Strike 0-1: Ball 1-1: Foul Ball, location: 2F 1-2: Strikes out looking
|
Top of the 2nd over - 0 run(s), 0 hit(s), 0 error(s), 0 left on base; Boston 2 - San Francisco 0 |
BOTTOM OF THE 2ND |
San Francisco Bandits batting - Pitching for Boston Rebels : LHP José Hidalgo
|
Batting: RHB Michael Elliott
|
0-0: Ball 1-0: Called Strike 1-1: Called Strike 1-2: Ground out 5-3 (Groundball, 56)
|
Batting: RHB Cory Foster
|
0-0: Ground out 1-3 (Groundball, 25)
|
Batting: SHB Vicente Ricks
|
0-0: Ball 1-0: SINGLE (Line Drive, 7S)
|
Batting: RHB Bob Orr
|
0-0: Ball 1-0: Ball 2-0: Foul Ball, location: 2F 2-1: Fielders Choice at 2nd, U6 (Groundball, 6M)
|
Bottom of the 2nd over - 0 run(s), 1 hit(s), 0 error(s), 1 left on base; Boston 2 - San Francisco 0 |
TOP OF THE 3RD |
Boston Rebels batting - Pitching for San Francisco Bandits : RHP Kunihiko Daikawa
|
Batting: LHB Bill Wilson
|
0-0: Ball 1-0: Called Strike 1-1: Ball 2-1: Ball 3-1: Foul Ball, location: 2F 3-2: Foul Ball, location: 2F 3-2: Ground out 4-3 (Groundball, 34)
|
Batting: LHB Stanley Mullins
|
0-0: Called Strike 0-1: SINGLE (Line Drive, 6MD)
|
Batting: LHB Ricardo Brandariz
|
0-0: Ground out 5-3 (Groundball, 5S) Stanley Mullins to second
|
Batting: LHB Lorenzo Flores
|
0-0: Called Strike 0-1: Foul Ball, location: 2F 0-2: Ball 1-2: Ball 2-2: Foul Ball, location: 2F 2-2: Fly out, F9 (Line Drive, 89M)
|
Top of the 3rd over - 0 run(s), 1 hit(s), 0 error(s), 1 left on base; Boston 2 - San Francisco 0 |
BOTTOM OF THE 3RD |
San Francisco Bandits batting - Pitching for Boston Rebels : LHP José Hidalgo
|
Batting: RHB Emílio Bruno
|
0-0: Called Strike 0-1: SINGLE (Line Drive, 9LS)
|
Batting: RHB Javier Ramírez
|
0-0: Ball 1-0: Hit by Pitch Emílio Bruno to second
|
Batting: RHB Pete Rideout
|
0-0: Ball 1-0: Foul Ball, location: 2F 1-1: Grounds into double play, 6-4-3 (Groundball, 6M) Emílio Bruno to third
|
Batting: LHB Jerry Bryan
|
0-0: Called Strike 0-1: Ball 1-1: Foul Ball, location: 2F 1-2: Ball 2-2: Foul Ball, location: 2F 2-2: Fly out, F9 (Flyball, 9D)
|
Bottom of the 3rd over - 0 run(s), 1 hit(s), 0 error(s), 1 left on base; Boston 2 - San Francisco 0 |
TOP OF THE 4TH |
Boston Rebels batting - Pitching for San Francisco Bandits : RHP Kunihiko Daikawa
|
Batting: SHB Javier Villegas
|
0-0: Ball 1-0: Called Strike 1-1: Ground out 4-3 (Groundball, 4)
|
Batting: RHB Clancy Booker
|
0-0: Ball 1-0: TRIPLE (Flyball, 89D)
|
Batting: RHB Ronnie Brown
|
0-0: Ball 1-0: Called Strike 1-1: SINGLE (Line Drive, 5D) Clancy Booker scores
|
Batting: LHB Tony Ramírez
|
0-0: Foul Ball, location: 2F 0-1: Foul Ball, location: 2F 0-2: Ball 1-2: Ball 2-2: DOUBLE (Groundball, 3D) Ronnie Brown to third
|
Batting: RHB Rubén Matos
|
0-0: Swinging Strike 0-1: SINGLE (Flyball, 9LS) Ronnie Brown scores Tony Ramírez to third
|
Batting: LHB Bill Wilson
|
0-0: Called Strike 0-1: Ball Wild Pitch! Tony Ramírez scores Rubén Matos to second 1-1: Ball 2-1: Foul Ball, location: 2F 2-2: Ball 3-2: Ground out 4-3 (Groundball, 4M) Rubén Matos to third
|
Batting: LHB Stanley Mullins
|
0-0: Ball 1-0: Ball 2-0: Fly out, F7 (Flyball, 78M)
|
Top of the 4th over - 3 run(s), 4 hit(s), 0 error(s), 1 left on base; Boston 5 - San Francisco 0 |
BOTTOM OF THE 4TH |
San Francisco Bandits batting - Pitching for Boston Rebels : LHP José Hidalgo
|
Batting: RHB Jorge Morales
|
0-0: Ball 1-0: Ground out 5-3 (Groundball, 5L)
|
Batting: RHB Michael Elliott
|
0-0: Ball 1-0: DOUBLE (Flyball, 9D)
|
Batting: RHB Cory Foster
|
0-0: Foul Ball, location: 2F 0-1: Ball 1-1: Foul Ball, location: 2F 1-2: Ball 2-2: Strikes out swinging
|
Batting: SHB Vicente Ricks
|
0-0: Ball 1-0: Called Strike 1-1: Called Strike 1-2: Ground out 4-3 (Groundball, 4)
|
Bottom of the 4th over - 0 run(s), 1 hit(s), 0 error(s), 1 left on base; Boston 5 - San Francisco 0 |
TOP OF THE 5TH |
Boston Rebels batting - Pitching for San Francisco Bandits : RHP Kunihiko Daikawa
|
Pitching: RHP Tim Lyons
|
|
Batting: LHB Ricardo Brandariz
|
0-0: Ball 1-0: Swinging Strike 1-1: Ball 2-1: Swinging Strike 2-2: Ball 3-2: Base on Balls
|
Batting: LHB Lorenzo Flores
|
0-0: Ball 1-0: Called Strike 1-1: Ball 2-1: Foul Ball, location: 2F 2-2: Grounds into double play, U4-3 (Groundball, 4)
|
Batting: SHB Javier Villegas
|
0-0: Called Strike 0-1: Ball 1-1: Ball 2-1: SOLO HOME RUN (Line Drive, 9LD), Distance : 329 ft
|
Batting: RHB Clancy Booker
|
0-0: Called Strike 0-1: Foul Ball, location: 2F 0-2: Strikes out swinging, 2-3 out at first.
|
Top of the 5th over - 1 run(s), 1 hit(s), 0 error(s), 0 left on base; Boston 6 - San Francisco 0 |
BOTTOM OF THE 5TH |
San Francisco Bandits batting - Pitching for Boston Rebels : LHP José Hidalgo
|
Batting: RHB Bob Orr
|
0-0: Called Strike 0-1: Reached on error, E4 (Groundball, 4)
|
Batting: RHB Emílio Bruno
|
0-0: Swinging Strike 0-1: Called Strike 0-2: Strikes out swinging
|
Batting: RHB Javier Ramírez
|
0-0: Ball 1-0: Grounds into double play, 5-4-3 (Groundball, 56)
|
Bottom of the 5th over - 0 run(s), 0 hit(s), 1 error(s), 0 left on base; Boston 6 - San Francisco 0 |
TOP OF THE 6TH |
Boston Rebels batting - Pitching for San Francisco Bandits : RHP Tim Lyons
|
Batting: RHB Ronnie Brown
|
0-0: Called Strike 0-1: Ball 1-1: Ball 2-1: Ball 3-1: Swinging Strike 3-2: Fly out, F7 (Flyball, 7M)
|
Batting: LHB Tony Ramírez
|
0-0: Ball 1-0: Foul Ball, location: 2F 1-1: Ball 2-1: Ball 3-1: Reached on error, E5 (Groundball, 5S)
|
Batting: RHB Rubén Matos
|
0-0: Ball 1-0: Called Strike 1-1: Ground out 5-3 (Groundball, 56S) Tony Ramírez to third
|
Batting: LHB Bill Wilson
|
0-0: Ball 1-0: Ball 2-0: Ball 3-0: Called Strike 3-1: Base on Balls
|
Batting: LHB Stanley Mullins
|
0-0: Foul Ball, location: 2F 0-1: Ball 1-1: Ball 2-1: Foul Ball, location: 2F 2-2: Ball 3-2: Foul Ball, location: 2F 3-2: Base on Balls Bill Wilson to second
|
Batting: LHB Ricardo Brandariz
|
0-0: Fly out, F8 (Popup, 8RS)
|
Top of the 6th over - 0 run(s), 0 hit(s), 1 error(s), 3 left on base; Boston 6 - San Francisco 0 |
BOTTOM OF THE 6TH |
San Francisco Bandits batting - Pitching for Boston Rebels : LHP José Hidalgo
|
Batting: RHB Pete Rideout
|
0-0: Called Strike 0-1: Foul Ball, location: 2F 0-2: Foul Ball, location: 2F 0-2: Ball 1-2: Ball 2-2: Strikes out swinging
|
Batting: LHB Jerry Bryan
|
0-0: Fly out, F9 (Flyball, 89S)
|
Batting: RHB Jorge Morales
|
0-0: Ground out 6-3 (Groundball, 6M)
|
Bottom of the 6th over - 0 run(s), 0 hit(s), 0 error(s), 0 left on base; Boston 6 - San Francisco 0 |
TOP OF THE 7TH |
Boston Rebels batting - Pitching for San Francisco Bandits : RHP Tim Lyons
|
Pitching: RHP Mal Park
|
|
Batting: LHB Lorenzo Flores
|
0-0: TRIPLE (Flyball, 9D)
|
Batting: SHB Javier Villegas
|
0-0: Called Strike 0-1: Ball 1-1: DOUBLE (Line Drive, 9LD) Lorenzo Flores scores
|
Batting: RHB Clancy Booker
|
0-0: Swinging Strike 0-1: Foul Ball, location: 2F 0-2: Ball 1-2: Ball 2-2: Ball 3-2: Base on Balls
|
Batting: RHB Ronnie Brown
|
0-0: Called Strike 0-1: Fly out, F6 (Popup, 6MD)
|
Batting: LHB Tony Ramírez
|
0-0: Fielders Choice at 2nd, 6-4 (Groundball, 6) Javier Villegas to third
|
Batting: RHB Rubén Matos
|
0-0: Foul Ball, location: 2F 0-1: Fly out, F3 (Line Drive, 34)
|
Top of the 7th over - 1 run(s), 2 hit(s), 0 error(s), 2 left on base; Boston 7 - San Francisco 0 |
BOTTOM OF THE 7TH |
San Francisco Bandits batting - Pitching for Boston Rebels : LHP José Hidalgo
|
Batting: RHB Michael Elliott
|
0-0: Ball 1-0: Foul Ball, location: 2F 1-1: Ball 2-1: Ball 3-1: SINGLE (Line Drive, 6MD)
|
Batting: RHB Cory Foster
|
0-0: Ball 1-0: Called Strike 1-1: Grounds into double play, U4-3 (Groundball, 4M)
|
Batting: SHB Vicente Ricks
|
0-0: Called Strike 0-1: Swinging Strike 0-2: Foul Ball, location: 2F 0-2: Foul Ball, location: 2F 0-2: Foul Ball, location: 2F 0-2: Strikes out swinging
|
Bottom of the 7th over - 0 run(s), 1 hit(s), 0 error(s), 0 left on base; Boston 7 - San Francisco 0 |
TOP OF THE 8TH |
Boston Rebels batting - Pitching for San Francisco Bandits : RHP Mal Park
|
Batting: LHB Bill Wilson
|
0-0: Ball 1-0: DOUBLE (Line Drive, 3D) - OUT at third base trying to stretch hit.
|
Batting: LHB Stanley Mullins
|
0-0: Called Strike 0-1: Ball 1-1: Called Strike 1-2: Foul Ball, location: 2F 1-2: SINGLE (Line Drive, 8LS)
|
Batting: LHB Ricardo Brandariz
|
0-0: Fly out, F8 (Flyball, 8RM)
|
Batting: LHB Lorenzo Flores
|
0-0: Ground out 4-3 (Groundball, 4)
|
Top of the 8th over - 0 run(s), 2 hit(s), 0 error(s), 1 left on base; Boston 7 - San Francisco 0 |
BOTTOM OF THE 8TH |
San Francisco Bandits batting - Pitching for Boston Rebels : LHP José Hidalgo
|
Batting: RHB Bob Orr
|
0-0: Ball 1-0: Called Strike 1-1: Ball 2-1: Foul Ball, location: 2F 2-2: DOUBLE (Line Drive, 9LM)
|
Batting: RHB Emílio Bruno
|
0-0: Called Strike 0-1: Swinging Strike 0-2: Fly out, F4 (Line Drive, 34) 0-2: Fly out, F4 (Line Drive, 34)
|
Batting: RHB Javier Ramírez
|
0-0: Ball 1-0: Ground out 5-3 (Groundball, 5)
|
Batting: RHB Pete Rideout
|
0-0: Called Strike 0-1: Swinging Strike 0-2: Strikes out looking
|
Bottom of the 8th over - 0 run(s), 1 hit(s), 0 error(s), 1 left on base; Boston 7 - San Francisco 0 |
TOP OF THE 9TH |
Boston Rebels batting - Pitching for San Francisco Bandits : RHP Mal Park
|
Batting: SHB Javier Villegas
|
0-0: Called Strike 0-1: Foul Ball, location: 2F 0-2: Ground out 4-3 (Groundball, 34)
|
Batting: RHB Clancy Booker
|
0-0: Called Strike 0-1: Ball 1-1: Foul Ball, location: 2F 1-2: Ball 2-2: Ground out 5-3 (Groundball, 56)
|
Batting: RHB Ronnie Brown
|
0-0: Called Strike 0-1: Ball 1-1: Called Strike 1-2: Fly out, F9 (Flyball, 9M)
|
Top of the 9th over - 0 run(s), 0 hit(s), 0 error(s), 0 left on base; Boston 7 - San Francisco 0 |
BOTTOM OF THE 9TH |
San Francisco Bandits batting - Pitching for Boston Rebels : LHP José Hidalgo
|
Batting: LHB Jerry Bryan
|
0-0: Foul Ball, location: 2F 0-1: Ball 1-1: Ball 2-1: SINGLE (Groundball, 34D)
|
Batting: RHB Jorge Morales
|
0-0: Ball 1-0: Called Strike 1-1: Fly out, F8 (Flyball, 8RXD)
|
Batting: RHB Michael Elliott
|
0-0: Called Strike 0-1: Ball 1-1: Foul Ball, location: 2F 1-2: Ball 2-2: Ball 3-2: SINGLE (Groundball, 34) Jerry Bryan to second Runner from 2nd tries for 3rd, SAFE, throw made to third
|
Batting: RHB Cory Foster
|
0-0: Called Strike 0-1: Called Strike 0-2: SINGLE (Groundball, 5L) Jerry Bryan scores Michael Elliott to second
|
Pitching: RHP Dorian Hoskins
|
|
Batting: SHB Vicente Ricks
|
0-0: Called Strike 0-1: Fly out, F9 (Flyball, 89S)
|
Batting: RHB Bob Orr
|
0-0: Foul Ball, location: 2F 0-1: Fly out, F9 (Line Drive, 9M)
|
Bottom of the 9th over - 1 run(s), 3 hit(s), 0 error(s), 2 left on base; Boston 7 - San Francisco 1 |
|